 Dungeon Crawl Stone Soup version 0.18-a0-1523-gbe15c29 (webtiles) character file.

303192 Bolverk the Warrior (level 21, -6/187 HPs)
             Began as a Merfolk Berserker on Feb 26, 2016.
             Was a High Priest of Trog.
             Killed from afar by a deep elf sorcerer (26 damage)
             ... with a bolt of acid
             ... on level 5 of the Vaults on Mar 7, 2016.
             The game lasted 02:31:46 (50333 turns).

Bolverk the Warrior (Merfolk Berserker)            Turns: 50333, Time: 02:31:46

Health: -6/187     AC: 27    Str: 18    XL:     21   Next: 44%
Magic:  23/23      EV: 20    Int: 11    God:    Trog [*****.]
Gold:   3333       SH: 20    Dex: 16    Spells: 0 memorised, 20 levels left

rFire  + + +     SeeInvis +     a - +8 demon trident of Amortisation {flame, +Blink rC+}
rCold  + + +     Gourm    .     r - +1 fire dragon armour
rNeg   + + .     Faith    .     X - +0 shield of the Republic {rF+ rC+}
rPois  .         Spirit   .     e - +2 helmet
rElec  +         Dismiss  .     N - +2 cloak
rCorr  .         Reflect  +     L - +1 pair of gloves {archery}
SustAt .         Harm     .     x - +2 pair of boots
MR     +....                    S - +6 amulet of reflection
Stlth  +++++++...               C - ring of Interdependent Arising {rElec rC+ rN++ Slay+3 Stlth+}
                                y - ring of protection from cold

@: marked, corroded equipment, very slightly contaminated, invisible, somewhat
resistant to hostile enchantments, extremely stealthy
A: change form in water, swift swim, claws 1, fangs 1, rugged brown scales 1,
slimy green scales 1, thin metallic scales 1, camouflage 1, see invisible,
blink, weak 1, no device heal 1
a: Blink, Berserk, Trog's Hand, Brothers in Arms, Burn Spellbooks, Renounce
Religion, Evoke Blink
}: 1/15 runes: decaying


You were on level 5 of the Vaults.
You worshipped Trog.
Trog was extremely pleased with you.
You were not hungry.

You visited 8 branches of the dungeon, and saw 37 of its levels.
You visited the Abyss 1 time.
You also visited: Labyrinth and Ossuary.

You collected 4073 gold pieces.
You spent 740 gold pieces at shops.

Inventory:

Hand Weapons
 a - the +8 demon trident of Amortisation (weapon) {flame, +Blink rC+}
   (Trog gifted it to you on level 1 of the Orcish Mines)

   It has been specially enchanted to burn those struck by it, causing extra
   injury to most foes and up to half again as much damage against particularly
   susceptible opponents.
   It protects you from cold.
   It lets you blink.
 m - the +3 trident "Guig" {speed, rElec rPois Int-3}
   (Trog gifted it to you on level 4 of the Vaults)

   Attacks with this weapon are significantly faster.
   It affects your intelligence (-3).
   It insulates you from electricity.
   It protects you from poison.
 J - a +7 demon trident of freezing
 V - the +3 Elemental Staff {rElec rF++ rC++ MR++ AC+5}
   (You found it on level 11 of the Dungeon)

   It affects your AC (+5).
   It greatly protects you from fire.
   It greatly protects you from cold.
   It insulates you from electricity.
   It affects your resistance to hostile enchantments.
Missiles
 n - 4 poisoned tomahawks (quivered)
 E - 14 javelins of penetration
 R - 9 silver tomahawks
Armour
 e - a +2 helmet (worn)
 r - a +1 fire dragon armour (worn)
 x - a +2 pair of boots (worn)
 L - a +1 pair of gloves of archery (worn)
 N - a +2 cloak (worn)
 X - the +0 shield of the Republic (worn) {rF+ rC+}
   (You found it on level 5 of the Lair of Beasts)

   It protects you from fire.
   It protects you from cold.
Rods
 w - a +5 rod of ignition (10/10)
   (You found it in a labyrinth)
 I - a +8 lightning rod (13/13)
   (You found it in a labyrinth)
Jewellery
 h - an uncursed ring of positive energy
 y - a ring of protection from cold (left hand)
 C - the ring of Interdependent Arising (right hand) {rElec rC+ rN++ Slay+3 Stlth+}
   (You found it in a labyrinth)

   [ring of stealth]

   It affects your accuracy and damage with ranged weapons and melee attacks
   (+3).
   It protects you from cold.
   It insulates you from electricity.
   It greatly protects you from negative energy.
   It makes you more stealthy.
 D - an uncursed ring of resist corrosion
 S - a +6 amulet of reflection (around neck)
Wands
 q - a wand of disintegration (12/24)
 v - a wand of disintegration (10/24)
 M - a wand of disintegration (4/24)
 P - a wand of teleportation (1/9)
Scrolls
 f - 7 scrolls of fear
 g - 9 scrolls of recharging
 l - 12 scrolls of remove curse
 p - 14 scrolls of teleportation
 t - 3 scrolls of silence
 A - 4 scrolls of fog
 G - 5 scrolls of blinking
 T - a scroll of magic mapping
 Z - 13 scrolls of identify
Potions
 d - 5 potions of agility
 j - 2 potions of cancellation
 k - 2 potions of cure mutation
 o - 5 potions of curing
 u - 5 potions of haste
 z - 4 potions of flight
 K - 3 potions of ambrosia
 Q - 4 potions of might
 Y - a potion of resistance
Comestibles
 b - 5 chunks of flesh
 c - 21 bread rations
 i - 15 meat rations
 B - 8 beef jerkies
 H - 4 slices of pizza
 O - 6 royal jellies


   Skills:
 * Level 19.6 Fighting
 + Level 18.8 Polearms
 + Level 5.2 Throwing
 + Level 11.6 Armour
 + Level 17.5 Dodging
 + Level 16.7 Stealth
 - Level 16.0 Shields
 - Level 3.2 Invocations
 + Level 2.7 Evocations


You had 20 spell levels left.
You didn't know any spells.

Dungeon Overview and Level Annotations

Branches:
Dungeon (15/15)            Temple (1/1) D:7            Lair (8/8) D:9
  Swamp (4/4) Lair:5        Snake (1/4) Lair:3        Slime (0/6) Lair:6
    Orc (2/2) D:10            Elf (1/3) Orc:2        Vaults (5/5) D:13
  Crypt (0/3) Vaults:3     Depths (0/5) D:15

Altars:
Ashenzari
Cheibriados
Dithmenos
Elyvilon
Fedhas
Gozag
Kikubaaqudgha
Makhleb
Nemelex Xobeh
Okawaru
Pakellas
Qazlal
Ru
Sif Muna
Trog
Vehumet
Xom
Yredelemnul
Zin
The Shining One
Beogh
Jiyva

Shops:
D:4 [   D:9 *   D:13 *   Orc:1 %}(   Orc:2 (*:[   Snake:1 *   Vaults:3 :
Vaults:4 :


Innate Abilities, Weirdness & Mutations

You revert to your normal form in water.
You are very nimble and swift while swimming.
You have sharp fingernails.
You have very sharp teeth.
You are partially covered in rugged brown scales (AC +1, +3% HP).
You are partially covered in slimy green scales (AC +2).
You are partially covered in thin metallic scales (AC +2).
Your skin changes colour to match your surroundings (Stealth).
You have supernaturally acute eyesight.
You can translocate small distances at will.
You are weak. (Str -2)
Potions and wands are less effective at restoring your health.


Message History

You block the vault warden's attack. You block the vault guard's attack.
You impale the vault warden!! You burn the vault warden!
You bite the vault warden, but do no damage.
The vault warden is moderately wounded.
You hit the vault warden. You burn the vault warden. You bite the vault warden.
The vault warden is heavily wounded.
The vault guard hits you but does no damage.
The vault warden hits you with a great mace of protection!!
* * * LOW HITPOINT WARNING * * *
The deep elf sorcerer points at you and mumbles some strange words.
The bolt of acid hits you!
* * * LOW HITPOINT WARNING * * *
The acid corrodes you!
The acid burns!
* * * LOW HITPOINT WARNING * * *
The vault guard hits you but does no damage.
Drink which item? (? for menu, Esc to quit)
You feel much better.
The deep elf sorcerer casts a spell at you.
The bolt of acid hits you!
You die...

#..# #..#
.##..#..#
...#..#..#
.p...#..#
.pep#..#
...#..# #.
#..#..#
#...###.p#@.#
........p#pe#
.........pp.#
########Q.p.#
......#
........#
##########


You could see a vault warden, a tengu reaver, 2 vault guards, a deep elf
sorcerer and a vault sentinel.

Vanquished Creatures
  Mennas (Vaults:4)
  the Lernaean hydra (Swamp:4)
  Margery (Vaults:3)
  A lich (Abyss:2)
  A titan (Vaults:4)
  A tentacled starspawn (Abyss:2)
  The ghost of moose the Severer, an adept MiIE of Okawaru (Snake:1)
  2 sphinxes
  An azure jelly (Lair:6)
  Roxanne (Swamp:2)
  A tengu reaver (Vaults:4)
  Kirke (Swamp:4)
  A fire giant (D:15)
  2 frost giants
  2 deep elf sorcerers
  7 vault wardens
  An orc warlord (Orc:2)
  A ghoul (Vaults:3)
  6 very ugly things
  3 stone giants
  14 ironheart preservers
  2 salamander stormcallers
  2 deep elf demonologists
  Azrael (D:13)
  Nessos (D:15)
  The ghost of ryw the Summoner, a journeyman DgSu (Swamp:1)
  A deep elf annihilator (Vaults:3)
  A green death (Abyss:2)
  A minotaur (Lab)
  An ettin (Orc:2)
  36 vault guards
  3 great orbs of eyes
  A crystal guardian (Vaults:4)
  3 yaktaur captains
  A naga warrior (Snake:1)
  A rakshasa (Vaults:1)
  A ghost crab (Swamp:4)
  3 catoblepae (Lair:8)
  18 hydras
  5 centaur warriors
  Erica (D:10)
  7 ogre magi
  4 death knights
  Erolcha (Orc:1)
  5 alligators
  11 death yaks
  4 anacondas (Snake:1)
  7 dancing weapons (Elf:1)
  A spriggan berserker (Swamp:3)
  A hell hog (shapeshifter) (Vaults:4)
  5 orc high priests
  Urug (D:15)
  2 thrashing horrors (Abyss:2)
  2 wretched stars (Abyss:2)
  13 deep elf knights
  Nergalle (Lair:2)
  A salamander mystic (Vaults:3)
  6 skeletal warriors
  2 wizards
  A fire crab (Vaults:2)
  6 hell knights (Vaults:3)
  9 swamp dragons
  4 shambling mangroves
  5 unseen horrors
  8 deep trolls
  2 giant orange brains
  4 lindwurms (Lair:5)
  3 deep elf archers
  A naga ritualist (Snake:1)
  3 phantasmal warriors
  An anubis guard (shapeshifter) (Vaults:1)
  2 large abominations
  7 harpies (Vaults:1)
  Pikel (D:6)
  13 ironbrand convokers
  20 orc knights
  3 necromancers (Vaults:3)
  31 deep elf magi
  2 wolf spiders
  10 hill giants
  A hornet (shapeshifter) (Vaults:1)
  12 orc sorcerers
  4 griffons
  A sixfirhy (Abyss:2)
  A hornet (Swamp:4)
  An elephant (shapeshifter) (Vaults:3)
  36 ugly things
  5 cyclopes
  A manticore (D:11)
  6 salamanders
  An apocalypse crab (Abyss:2)
  A frost giant skeleton (Vaults:3)
  A naga mage (Abyss:2)
  13 vault sentinels
  10 black mambas
  4 gargoyles
  3 torpor snails
  6 centaur skeletons
  18 spiny frogs
  22 yaktaurs
  A salamander skeleton (Vaults:3)
  A kobold demonologist (D:11)
  4 rime drakes
  5 komodo dragons
  An efreet (D:13)
  12 freezing wraiths
  An ancient zyme (Abyss:3)
  2 minotaur zombies (Lab)
  10 trolls
  5 giant leeches
  Grinder (D:6)
  A troll (shapeshifter) (Vaults:2)
  29 blink frogs
  23 two-headed ogres
  50 slime creatures
  A frost giant simulacrum (Vaults:3)
  A boulder beetle (Vaults:4)
  An ice dragon zombie (Abyss:3)
  Sigmund (D:6)
  A flying skull (Vaults:3)
  2 vampires
  3 shadows
  6 spriggans
  5 wraiths
  2 water elementals (Elf:1)
  2 wyverns
  A ynoxinul (Abyss:2)
  4 basilisks
  47 yaks
  3 fire elementals (D:13)
  2 humans (D:13)
  4 golden eyes (Abyss:2)
  22 vampire mosquitoes
  2 chaos spawn
  2 hungry ghosts
  15 hippogriffs
  8 wolves
  11 wargs
  2 mottled dragons
  Edmund (D:6)
  2 nagas (Snake:1)
  9 insubstantial wisps (Swamp:1)
  19 swamp worms
  3 hell hounds (D:13)
  17 water moccasins
  9 porcupines
  4 black bears
  3 sky beasts
  12 swamp drakes
  71 orc warriors
  An ice beast (D:11)
  15 wasps
  A necrophage (D:11)
  2 phantoms
  4 boggarts
  21 centaurs
  33 ogres
  13 crocodiles
  5 big kobolds
  A gnoll sergeant (D:4)
  24 giant frogs
  An elf skeleton (D:4)
  An earth elemental (Elf:1)
  A wyvern zombie (D:13)
  5 scorpions
  13 wights
  A small abomination (Abyss:3)
  15 killer bees
  A howler monkey (D:5)
  A troll skeleton (D:10)
  2 electric eels (Lair:6)
  2 spriggan skeletons (D:10)
  10 centaur zombies
  12 bog bodies
  13 crimson imps
  A wasp zombie (D:8)
  4 hounds
  3 jellies
  A quasit (D:6)
  8 giant frog zombies
  2 giant frog skeletons
  A human zombie (D:4)
  41 orc priests
  2 human skeletons (D:4)
  Ijyb (D:3)
  Terence (D:3)
  10 iguanas
  45 orc wizards
  9 worker ants
  16 sheep
  A hound zombie (D:11)
  3 hound skeletons
  2 howler monkey zombies (Ossuary)
  9 mummies
  5 worker ant zombies
  9 gnolls
  A naga simulacrum (Abyss:3)
  16 adders
  63 river rats
  2 shadow imps
  A white imp (Abyss:2)
  An ooze (D:1)
  2 adder zombies
  A worm (D:2)
  3 dart slugs
  3 giant geckos
  166 orcs
  13 bats
  2 giant cockroaches
  18 goblins
  9 hobgoblins
  23 jackals
  4 quokkas
  4 ball pythons
  A giant gecko skeleton (D:8)
  6 giant newts
  30 kobolds
  An orc skeleton (D:4)
  An orc zombie (D:4)
  2 quokka zombies
  13 rats
  A butterfly (Lair:6)
  2 fire vortices (Vaults:3)
  2 fungi
  2 plants
1700 creatures vanquished.

Vanquished Creatures (collateral kills)
  Mara (Vaults:4)
  An ironheart preserver (Vaults:1)
  A deep elf annihilator (Vaults:1)
  An ogre mage (Vaults:4)
  A deep troll earth mage (Vaults:1)
  2 spriggan druids (Swamp:3)
  A hill giant (Vaults:1)
  A griffon (Lair:8)
  3 deep elf magi
  A salamander (Vaults:3)
  A freezing wraith (Vaults:3)
  A two-headed ogre (Vaults:4)
  A spriggan (Swamp:3)
  A swamp worm (Swamp:3)
  A wasp (Swamp:3)
  An adder (D:10)
19 creatures vanquished.

Vanquished Creatures (others)
  A stone giant (Vaults:3)
  A yaktaur captain (Vaults:2)
  2 deep elf knights (Elf:1)
  A cyclops (Vaults:2)
  A yaktaur (Vaults:4)
  4 humans (Swamp:4)
  3 slaves (D:6)
  6 centaurs
  An orc wizard (Orc:2)
  An orc (Vaults:3)
  2 fire vortices (Vaults:3)
  5 fungi
  9 plants (Lair:8)
  2 starspawn tentacles (Abyss:2)
  17 starspawn tentacle segments (Abyss:2)
  3 withered plants (Ossuary)
59 creatures vanquished.

Grand Total: 1778 creatures vanquished

Notes
Turn   | Place    | Note
--------------------------------------------------------------
     0 | D:1      | Bolverk the Merfolk Berserker began the quest for the Orb.
     0 | D:1      | Reached XP level 1. HP: 18/18 MP: 1/1
   115 | D:1      | Reached XP level 2. HP: 24/24 MP: 2/2
   243 | D:1      | Reached XP level 3. HP: 28/30 MP: 3/3
   272 | D:1      | Reached ** piety under Trog
   272 | D:1      | Reached skill level 5 in Polearms
   564 | D:2      | Reached skill level 4 in Fighting
   620 | D:2      | Reached XP level 4. HP: 28/37 MP: 4/4
   824 | D:2      | Found a faded altar to an unknown god.
  1139 | D:2      | Found an ancient bone altar of Kikubaaqudgha.
  1140 | D:2      | Found a glowing golden altar of the Shining One.
  1208 | D:3      | Found a stormy altar of Qazlal.
  1208 | D:3      | Noticed an ogre
  1228 | D:2      | Killed an ogre
  1228 | D:2      | Reached XP level 5. HP: 43/43 MP: 5/5
  1415 | D:3      | Noticed Terence
  1427 | D:3      | Killed Terence
  1483 | D:3      | Reached *** piety under Trog
  1583 | D:3      | Reached XP level 6. HP: 44/49 MP: 6/6
  2567 | D:3      | Noticed Ijyb
  2586 | D:3      | Reached **** piety under Trog
  2654 | D:3      | Killed Ijyb
  2654 | D:3      | Reached skill level 5 in Dodging
  2788 | D:3      | Found a shimmering altar of Xom.
  2964 | D:3      | Reached skill level 5 in Fighting
  3010 | D:4      | Reached XP level 7. HP: 38/56 MP: 7/7
  3049 | D:4      | Found a sand-covered staircase.
  3202 | Ossuary  | Entered an ossuary
  3805 | Ossuary  | Reached XP level 8. HP: 41/63 MP: 8/8
  4139 | Ossuary  | HP: 2/64 [decayed bog body (5)]
  4846 | D:4      | Reached skill level 6 in Fighting
  4905 | D:4      | Found a shattered altar of Ashenzari.
  4905 | D:4      | Found a radiant altar of Vehumet.
  5002 | D:4      | Found Agefed Wuu's Armour Shop.
  5009 | D:4      | Bought a +0 cloak for 49 gold pieces
  5482 | D:4      | Reached skill level 1 in Stealth
  5985 | D:5      | Entered Level 5 of the Dungeon
  6087 | D:5      | Reached XP level 9. HP: 71/71 MP: 9/9
  6110 | D:5      | Received a gift from Trog
  6396 | D:5      | Reached skill level 1 in Evocations
  6400 | D:5      | Gained mutation: You have sharp fingernails. [mutagenic meat]
  6401 | D:5      | Gained mutation: Your muscles are strong. (Str +2) [mutagenic meat]
  6402 | D:5      | Lost mutation: Your muscles are strong. (Str +2) [mutagenic meat]
  6862 | D:5      | Found a bloodstained altar of Trog.
  7135 | D:6      | Noticed Pikel
  7151 | D:6      | Killed Pikel
  7151 | D:6      | Reached skill level 7 in Fighting
  7151 | D:6      | Reached skill level 1 in Throwing
  7234 | D:6      | Found a snail-covered altar of Cheibriados.
  7348 | D:6      | Noticed Grinder
  7371 | D:6      | Killed Grinder
  7371 | D:6      | Reached skill level 10 in Polearms
  7412 | D:6      | Gained mutation: Your magical capacity is low (-10% MP). [potion of mutation]
  7412 | D:6      | Gained mutation: Your skin changes colour to match your surroundings (Stealth). [potion of mutation]
  7413 | D:6      | Gained mutation: Your mind is acute. (Int +2) [potion of mutation]
  7413 | D:6      | Gained mutation: Your body sometimes deteriorates upon taking damage. [potion of mutation]
  7442 | D:6      | Noticed Sigmund
  7457 | D:6      | Killed Sigmund
  7556 | D:6      | Noticed Edmund
  7581 | D:6      | Killed Edmund
  7797 | D:6      | Reached XP level 10. HP: 74/79 MP: 9/9
  7978 | D:7      | Reached skill level 5 in Armour
  8035 | D:7      | Found an oddly glowing altar of Pakellas.
  8168 | D:7      | Found a staircase to the Ecumenical Temple.
  8177 | Temple   | Entered the Ecumenical Temple
  8797 | D:8      | Reached skill level 5 in Stealth
  9034 | D:8      | Gained mutation: You are partially covered in icy blue scales (AC +1). [potion of mutation]
  9034 | D:8      | Gained mutation: Your system is resistant to poisons. [potion of mutation]
  9034 | D:8      | Gained mutation: You are weak. (Str -2) [potion of mutation]
  9114 | D:8      | Got a transparent ring mail
  9125 | D:8      | Identified the cursed +1 ring mail of Sunlight {+Blink +Inv rC+ Dex+2} (You found it on level 8 of the Dungeon)
  9894 | D:9      | Reached skill level 8 in Fighting
 10070 | D:9      | Found a sacrificial altar of Ru.
 10145 | D:9      | Found an opulent altar of Gozag.
 10264 | D:9      | Reached ***** piety under Trog
 10264 | D:9      | Reached skill level 10 in Dodging
 10375 | D:9      | Reached skill level 1 in Shields
 10563 | D:9      | Found Lainkil's General Store.
 10571 | D:9      | Bought a cursed -3 ring of intelligence for 22 gold pieces
 10586 | D:9      | Found a staircase to the Lair.
 10658 | D:10     | Entered Level 10 of the Dungeon
 10699 | D:10     | Reached XP level 11. HP: 73/87 MP: 8/10
 10964 | D:10     | Noticed a hill giant
 10993 | D:10     | Killed a hill giant
 11396 | D:10     | Received a gift from Trog
 11960 | D:10     | Noticed a hill giant
 12005 | D:10     | Killed a hill giant
 12239 | D:10     | Found a staircase to the Orcish Mines.
 12342 | D:10     | Noticed a red ugly thing
 12363 | D:10     | Killed a red ugly thing
 12369 | D:10     | Gained mutation: You are partially covered in yellow scales (AC +2). [mutagenic meat]
 12370 | D:10     | Lost mutation: You are partially covered in yellow scales (AC +2). [mutagenic meat]
 13056 | D:10     | Killed an unseen horror
 13056 | D:10     | Reached skill level 9 in Fighting
 13403 | Orc:1    | Entered Level 1 of the Orcish Mines
 13403 | Orc:1    | Found Eshraschie's Weapon Boutique.
 13403 | Orc:1    | Noticed Erica
 13403 | Orc:1    | Noticed an orc knight
 13403 | Orc:1    | Noticed an orc sorcerer
 13471 | D:10     | Killed Erica
 13471 | D:10     | Reached skill level 5 in Shields
 13784 | D:10     | Killed an orc knight
 13990 | Orc:1    | Noticed a sun demon
 13993 | Orc:1    | Killed an orc sorcerer
 13997 | Orc:1    | Reached ****** piety under Trog
 14002 | Orc:1    | Found Tubagh's Food Shoppe.
 14368 | Orc:1    | Noticed an orc knight
 14410 | Orc:1    | Killed an orc knight
 14410 | Orc:1    | Reached XP level 12. HP: 48/96 MP: 5/11
 14440 | Orc:1    | Received a gift from Trog
 14441 | Orc:1    | Got an ancient demon trident {god gift}
 14442 | Orc:1    | Identified the +8 demon trident of Amortisation {flame, +Blink rC+} (Trog gifted it to you on level 1 of the Orcish Mines)
 14731 | Orc:1    | Found Dirunn's Gadget Boutique.
 14768 | Orc:1    | Noticed an orc high priest
 14782 | Orc:1    | Killed an orc high priest
 14951 | Orc:1    | Noticed Erolcha
 14960 | Orc:1    | Killed Erolcha
 15033 | Orc:1    | Found a roughly hewn altar of Beogh.
 15176 | Orc:1    | Found a roughly hewn altar of Beogh.
 15242 | Orc:2    | Entered Level 2 of the Orcish Mines
 15885 | Orc:2    | Received a gift from Trog
 16226 | Orc:2    | Reached skill level 10 in Fighting
 16684 | Orc:2    | Found a staircase to the Elven Halls.
 16687 | Orc:2    | Received a gift from Trog
 16815 | Orc:2    | Noticed an ettin
 16822 | Orc:2    | Killed an ettin
 16900 | Orc:2    | Reached XP level 13. HP: 95/103 MP: 6/12
 17003 | Orc:2    | Found a roughly hewn altar of Beogh.
 17121 | Orc:2    | Found Uczukledwuo's Antique Weapon Emporium.
 17171 | Orc:2    | Found Nuixtuff's Assorted Antiques.
 17193 | Orc:2    | Bought a scroll of identify for 48 gold pieces
 17193 | Orc:2    | Bought a scroll of identify for 48 gold pieces
 17199 | Orc:2    | Bought a potion of heal wounds for 120 gold pieces
 17199 | Orc:2    | Bought a scroll labeled GORISTR LOSMISCH for 24 gold pieces
 17199 | Orc:2    | Bought a scroll labeled GIENU SEMATT for 24 gold pieces
 17830 | Orc:2    | Noticed an orc warlord
 17875 | Orc:2    | Killed an orc warlord
 18073 | Orc:2    | Found a roughly hewn altar of Beogh.
 18123 | Orc:2    | Found Pejap's Book Shop.
 18311 | Orc:2    | Gained mutation: You are clumsy. (Dex -2) [a neqoxec]
 18561 | Orc:2    | Found Huuwen's Armour Shoppe.
 18737 | Orc:2    | Upgraded the game from 0.18-a0-1420-g141d243 to 0.18-a0-1454-g5e6cd1e
 18748 | Elf:1    | Entered Level 1 of the Elven Halls
 18760 | Elf:1    | Reached skill level 11 in Fighting
 19169 | Elf:1    | Received a gift from Trog
 19289 | Orc:2    | Bought an ichor-stained chain mail for 228 gold pieces
 19299 | Orc:2    | Identified the +1 chain mail "Weurro" {rF++ rCorr MP+9} (You bought it in a shop on level 2 of the Orcish Mines)
 19403 | Lair:1   | Entered Level 1 of the Lair of Beasts
 19422 | Lair:1   | Got a crude morningstar
 19423 | Lair:1   | Identified the +5 morningstar "Jot Wuho" {flame, rC++} (You found it on level 1 of the Lair of Beasts)
 19685 | Lair:1   | Found a labyrinth entrance.
 19710 | Lab      | Entered a labyrinth
 20041 | Lab      | Noticed a minotaur
 20049 | Lab      | Killed a minotaur
 20049 | Lab      | Reached skill level 10 in Stealth
 20052 | Lab      | Got a brightly glowing bone ring
 20052 | Lab      | Identified the Disquisition on Poisoning (You found it in a labyrinth)
 20059 | Lab      | Got a distressingly furry scale mail
 20071 | Lab      | Identified the +1 scale mail of Vubom {Stlth+} (You found it in a labyrinth)
 20179 | Lab      | Identified the ring of Interdependent Arising {rElec rC+ rN++ Slay+3 Stlth+} (You found it in a labyrinth)
 20208 | Lair:1   | Identified a +5 rod of ignition (10/10) (You found it in a labyrinth)
 20215 | Lair:1   | Lost mutation: Your body sometimes deteriorates upon taking damage. [potion of cure mutation]
 20215 | Lair:1   | Lost mutation: You are clumsy. (Dex -2) [potion of cure mutation]
 20215 | Lair:1   | Lost mutation: Your magical capacity is low (-10% MP). [potion of cure mutation]
 20215 | Lair:1   | Lost mutation: Your mind is acute. (Int +2) [potion of cure mutation]
 20929 | Lair:2   | Received a gift from Trog
 21293 | Lair:2   | Reached XP level 14. HP: 111/114 MP: 15/15
 21362 | Lair:2   | Noticed Nergalle
 21368 | Lair:2   | Killed Nergalle
 21740 | Lair:3   | Reached skill level 12 in Fighting
 21854 | Lair:3   | Found a staircase to the Snake Pit.
 22071 | Lair:3   | Received a gift from Trog
 22439 | Lair:4   | Received a gift from Trog
 23226 | Lair:5   | Found a sacrificial altar of Ru.
 23640 | Lair:5   | Found a staircase to the Swamp.
 24047 | Lair:5   | Got a jewelled shield
 24058 | Lair:5   | Identified the +0 shield of the Republic {rF+ rC+} (You found it on level 5 of the Lair of Beasts)
 24062 | Lair:5   | Got a brightly glowing war axe
 24063 | Lair:5   | Identified the +4 war axe "Beetleslayer" {holy, rF- MR+ Int+5} (You found it on level 5 of the Lair of Beasts)
 24100 | Lair:6   | Reached skill level 13 in Fighting
 24739 | Lair:6   | Found a runed door.
 24739 | Lair:6   | Found a viscous altar of Jiyva.
 24739 | Lair:6   | Found a staircase to the Slime Pits.
 24739 | Lair:6   | Noticed an azure jelly
 24745 | Lair:6   | Killed an azure jelly
 24837 | Lair:6   | Received a gift from Trog
 24916 | Lair:6   | Gained mutation: You have a pair of small horns on your head. [potion of beneficial mutation]
 25713 | Lair:7   | Reached XP level 15. HP: 109/124 MP: 16/16
 26073 | Lair:8   | Entered Level 8 of the Lair of Beasts
 26253 | Lair:8   | Received a gift from Trog
 27225 | Lair:8   | Reached skill level 10 in Shields
 27269 | Lair:8   | Received a gift from Trog
 27612 | Lair:8   | Reached skill level 14 in Fighting
 27865 | Lair:8   | Identified a +1 rod of ignition (12/12) (You found it on level 8 of the Lair of Beasts)
 27867 | Lair:8   | Upgraded the game from 0.18-a0-1454-g5e6cd1e to 0.18-a0-1481-g708b138
 28464 | Swamp:1  | Entered Level 1 of the Swamp
 28480 | Swamp:1  | Noticed ryw's ghost (journeyman DgSu)
 28801 | Swamp:1  | Killed ryw's ghost
 29084 | Swamp:1  | Upgraded the game from 0.18-a0-1481-g708b138 to 0.18-a0-1490-g504aa14
 29522 | Swamp:2  | Received a gift from Trog
 29730 | Swamp:2  | Noticed Roxanne
 30144 | Swamp:2  | Killed Roxanne
 30733 | Swamp:3  | Reached XP level 16. HP: 126/134 MP: 18/18
 31126 | Swamp:3  | Gained mutation: You are clumsy. (Dex -2) [potion of mutation]
 31299 | Swamp:3  | Reached skill level 15 in Fighting
 31487 | Swamp:3  | Received a gift from Trog
 31987 | Swamp:4  | Entered Level 4 of the Swamp
 32000 | Swamp:4  | Got a polished trident
 32001 | Swamp:4  | Identified the +4 trident of Dyez Lecs {speed, rPois} (You found it on level 4 of the Swamp)
 32554 | Swamp:4  | Noticed Kirke
 32570 | Swamp:4  | Killed Kirke
 32721 | Swamp:4  | Noticed the 27-headed Lernaean hydra
 32820 | Swamp:4  | Killed the 27-headed Lernaean hydra
 33182 | Swamp:4  | Got a decaying rune of Zot
 33725 | Elf:1    | Reached skill level 15 in Dodging
 33730 | Elf:1    | Received a gift from Trog
 33814 | Elf:1    | Reached XP level 17. HP: 143/143 MP: 19/19
 34170 | Elf:1    | Reached skill level 10 in Armour
 34306 | Elf:1    | Reached skill level 16 in Fighting
 34590 | Elf:1    | Paralysed by an orc sorcerer for 4 turns
 34845 | Elf:1    | Received a gift from Trog
 34862 | Elf:1    | Cast into level 2 of the Abyss (a deep elf sorcerer)
 34989 | Abyss:2  | Lost mutation: You are clumsy. (Dex -2) [mutagenic meat]
 34990 | Abyss:2  | Gained mutation: You expend magic power (3 MP) to strengthen your wands. [mutagenic meat]
 34991 | Abyss:2  | Gained mutation: You are partially covered in thin metallic scales (AC +2). [mutagenic meat]
 34992 | Abyss:2  | Gained mutation: You are robust (+10% HP). [mutagenic meat]
 34994 | Abyss:2  | Gained mutation: Scrolls take you a little longer to read. [mutagenic meat]
 35023 | Abyss:2  | Paralysed by you for 3 turns
 35053 | Abyss:2  | Lost mutation: Your system is resistant to poisons. [mutagenic meat]
 35055 | Abyss:2  | Lost mutation: Scrolls take you a little longer to read. [mutagenic meat]
 35056 | Abyss:2  | Gained mutation: You are very weak. (Str -4) [mutagenic meat]
 35059 | Abyss:2  | Gained mutation: You possess an exceptional clarity of mind. [mutagenic meat]
 35060 | Abyss:2  | Lost mutation: You are very weak. (Str -4) [mutagenic meat]
 35062 | Abyss:2  | Gained mutation: Potions and wands are less effective at restoring your health. [mutagenic meat]
 35063 | Abyss:2  | Gained mutation: You have supernaturally acute eyesight. [mutagenic meat]
 35066 | Abyss:2  | Lost mutation: You have a pair of small horns on your head. [mutagenic meat]
 35127 | Abyss:2  | Noticed a tentacled starspawn
 35134 | Abyss:2  | Killed a tentacled starspawn
 35138 | Abyss:2  | Noticed a lich
 35163 | Abyss:2  | Killed a lich
 35163 | Abyss:2  | Received a gift from Trog
 35474 | Elf:1    | Escaped the Abyss
 35667 | Orc:2    | Upgraded the game from 0.18-a0-1490-g504aa14 to 0.18-a0-1523-gbe15c29
 35842 | Snake:1  | Entered Level 1 of the Snake Pit
 36139 | Snake:1  | Found Ibusioqi's Assorted Antiques.
 36143 | Snake:1  | Bought a pair of glowing gloves for 153 gold pieces
 36180 | Snake:1  | Gained mutation: You are resistant to hostile enchantments. [potion of mutation]
 36220 | Snake:1  | Found a burning altar of Makhleb.
 36409 | Snake:1  | Noticed moose's ghost (adept MiIE)
 36449 | Snake:1  | Killed moose's ghost
 37440 | D:11     | Gained mutation: You evolve. [mutagenic meat]
 37441 | D:11     | Lost mutation: You are partially covered in icy blue scales (AC +1). [mutagenic meat]
 37966 | D:12     | Received a gift from Trog
 38020 | D:12     | Reached XP level 18. HP: 152/168 MP: 20/20
 38586 | D:12     | Got a smoking plate armour
 38597 | D:12     | Identified the +6 plate armour "Cesef" {rElec} (You found it on level 12 of the Dungeon)
 38704 | D:13     | Received a gift from Trog
 38852 | D:13     | Found Isunaise's Assorted Antiques.
 38864 | D:13     | Bought a scroll labeled ITYACW RIPPET for 24 gold pieces
 38901 | D:13     | Noticed Azrael
 38925 | D:13     | Killed Azrael
 39351 | D:13     | Reached skill level 17 in Fighting
 39403 | D:13     | Found a white marble altar of Elyvilon.
 39572 | D:13     | Gained mutation: You rapidly evolve. [evolution]
 39669 | D:13     | Reached skill level 15 in Stealth
 39743 | D:13     | Found a gate to the Vaults.
 39750 | D:13     | Received a gift from Trog
 40197 | D:14     | Lost mutation: You rapidly evolve. [mutagenic meat]
 40198 | D:14     | Gained mutation: You are partially covered in slimy green scales (AC +2). [mutagenic meat]
 40701 | D:15     | Entered Level 15 of the Dungeon
 40847 | D:15     | Noticed Urug
 40858 | D:15     | Killed Urug
 41013 | D:15     | Received a gift from Trog
 41233 | D:15     | Found a staircase to the Depths.
 41540 | D:15     | Noticed Nessos
 41550 | D:15     | Killed Nessos
 41556 | D:15     | Gained mutation: You are dopey. (Int -2) [mutagenic meat]
 41714 | D:15     | Lost mutation: You are resistant to hostile enchantments. [mutagenic meat]
 41857 | Vaults:1 | Entered Level 1 of the Vaults
 41914 | Vaults:1 | Lost mutation: You possess an exceptional clarity of mind. [mutagenic meat]
 42126 | Vaults:1 | Reached skill level 15 in Shields
 42136 | Vaults:1 | Reached XP level 19. HP: 177/177 MP: 21/21
 42326 | Vaults:1 | Reached skill level 1 in Invocations
 42404 | Vaults:1 | Received a gift from Trog
 42405 | Vaults:1 | Got a faintly glowing trident {god gift}
 42406 | Vaults:1 | Identified the +8 trident "Quojaf" {pierce, rF+ Str+4} (Trog gifted it to you on level 1 of the Vaults)
 43404 | Vaults:2 | Reached skill level 18 in Fighting
 43479 | Vaults:2 | Received a gift from Trog
 43654 | Vaults:2 | Received a gift from Trog
 44237 | Vaults:2 | Received a gift from Trog
 44248 | Vaults:2 | Reached skill level 5 in Throwing
 44562 | Vaults:2 | Gained mutation: You are very robust (+20% HP). [mutagenic meat]
 44566 | Vaults:2 | Lost mutation: You are very robust (+20% HP). [mutagenic meat]
 45155 | Vaults:3 | Noticed Margery
 45232 | Vaults:3 | Killed Margery
 45566 | Vaults:2 | Gained mutation: You can translocate small distances at will. [evolution]
 45587 | Vaults:3 | Reached XP level 20. HP: 132/189 MP: 22/22
 45976 | Vaults:3 | Lost mutation: You expend magic power (3 MP) to strengthen your wands. [mutagenic meat]
 45995 | Vaults:3 | Found Qimots's Book Boutique.
 46105 | Vaults:3 | Reached skill level 15 in Polearms
 46124 | Vaults:3 | Received a gift from Trog
 46218 | Vaults:3 | Noticed a Brimstone Fiend
 46737 | Vaults:3 | Found a staircase to the Crypt.
 47463 | Vaults:4 | Found Unan's Book Boutique.
 47496 | Vaults:4 | Received a gift from Trog
 48061 | Vaults:4 | Reached skill level 19 in Fighting
 48193 | Vaults:4 | Received a gift from Trog
 48650 | Vaults:4 | Lost mutation: You are dopey. (Int -2) [mutagenic meat]
 48653 | Vaults:4 | Gained mutation: You have very sharp teeth. [mutagenic meat]
 48654 | Vaults:4 | Lost mutation: You evolve. [mutagenic meat]
 48696 | Vaults:4 | Noticed Mara
 48714 | Vaults:4 | Killed Mara
 48823 | Vaults:4 | Got an encrusted chain mail
 48839 | Vaults:4 | Identified the cursed +1 chain mail "Jaxi" {-Tele rC+ rCorr} (You found it on level 4 of the Vaults)
 49069 | Vaults:4 | Reached XP level 21. HP: 162/198 MP: 23/23
 49091 | Vaults:4 | Lost mutation: You are robust (+10% HP). [mutagenic meat]
 49092 | Vaults:4 | Gained mutation: You are partially covered in rugged brown scales (AC +1, +3% HP). [mutagenic meat]
 49155 | Vaults:4 | Noticed Mennas
 49170 | Vaults:4 | Killed Mennas
 49359 | Vaults:4 | Received a gift from Trog
 49360 | Vaults:4 | Got a translucent trident {god gift}
 49362 | Vaults:4 | Identified the +3 trident "Guig" {speed, rElec rPois Int-3} (Trog gifted it to you on level 4 of the Vaults)
 49430 | Vaults:5 | Entered Level 5 of the Vaults
 50332 | Vaults:5 | HP: 4/187 [acid (11)]
 50333 | Vaults:5 | Killed from afar by a deep elf sorcerer

Vault maps used:
D:1:      eino_arrival_tree_alley
D:2:      gammafunk_temple_overflow_pools, first_bread, ecumenical_altar_1
D:3:      kennysheep_goblin_castle, marbit_many_paths,
          nicolae_overflow_hidden_temple, st_stairs_14, uniq_terence
D:4:      gammafunk_temple_overflow_elements, nicolae_ossuary_entry_catacombs,
          serial_shops, shop, lightli_minifort
D:5:      lemuel_statue_altar
D:6:      slow_altar_1, hangedman_decor_diamond_cutter, uniq_edmund,
          uniq_sigmund, uniq_grinder, uniq_pikel
D:7:      johnstein_pakellas_death_squad, minmay_temple_entry_mist
D:9:      nicolae_overflow_crystal_walls, lair_0_dummy, serial_shops, shop,
          nicolae_ru_the_path_less_chosen
D:10:     hiddenorc2_lemuel, hangedman_tell_no_tales
D:12:     minivault_19
D:13:     grunt_vaults_entry_fortified, serial_shops, nicolae_shop_crystal,
          basic_altar, uniq_azrael
D:14:     minmay_misc_feat_secret_circle
D:15:     grunt_enter_depths_giant_problem, minmay_misc_feat_roman, uniq_nessos,
          uniq_urug
Temple:   triangle_lava_temple_11
Lair:1:   lab_entry_generic, nicolae_lair_grove_arrangements
Lair:2:   uniq_nergalle
Lair:3:   guppyfry_snake_entry_island
Lair:4:   st_stairs_3, grunt_megastairs_2
Lair:5:   swamp_mist_pool, basic_altar, st_stairs_13, minmay_lindwurm_lava
Lair:6:   slime_altar_2, hibernation_bobbens, serial_bayou_shore_a,
          lemuel_fruit_fields, serial_bayou_shore_b
Lair:7:   kennysheep_basilisk_garden
Lair:8:   evilmike_catoblepas_cave
Swamp:1:  evilmike_swamp_ruin_house_4
Swamp:2:  nicolae_swamp_stair_fork, uniq_roxanne
Swamp:3:  cheibrodos_swamp_heart_of_darkness, nicolae_swamp_triple_paths,
          infiniplex_staircase_pool_2
Swamp:4:  swamp_alternative, uniq_kirke
Snake:1:  basic_altar, serial_shops, nicolae_shop_behind_doors,
          grunt_ministairs_4, hangedman_snake_pattern, st_stairs_3,
          serial_bayou_shore_b
Orc:1:    basic_altar, serial_shops, nicolae_shop_statue_plus, shop_statue,
          shop, kennysheep_orc_chapel, uniq_erica, uniq_erolcha
Orc:2:    pubby_orc_utopia, serial_shops
Elf:1:    eino_elf_arrival_the_gate, hangedman_elf_disciples
Vaults:1: hangedman_vaults_trim, ontoclasm_vaults_gateway, vaults_mumra_lcd,
          v_misc_8, nicolae_vaults_sealed_display,
          vaults_standard_mumra_enter_the_diamond,
          ontoclasm_vaults_loading_screen,
          vaults_standard_mumra_enter_the_diamond, ontoclasm_vaults_bender,
          v_misc_14, v_misc_26, nicolae_vaults_mini_display_case,
          ontoclasm_vaults_loading_screen
Vaults:2: vaults_dpeg_ring, v_rooms_5, nicolae_vaults_angled_halls,
          hangedman_vaults_cutoff, dpeg_vaults_monster_box, vaults_room_pool
Vaults:3: v_misc_18, v_rooms_2, v_misc_9, v_alt_pattern_3, v_alt_pattern_1,
          minmay_crypt_entry_simple_corners, v_rooms_3, stair_cage_open,
          v_pattern_1, vaults_room_door_ring, vaults_room_hallway, serial_shops,
          nicolae_shop_trees, uniq_margery
Vaults:4: hangedman_vaults_capsules, nicolae_vaults_windows_and_doors_thing,
          nicolae_vaults_yaktaur_gun_rack, v_misc_11,
          nicolae_vaults_an_arrangement, hangedman_vaults_stream, v_misc_27,
          ontoclasm_vaults_pinch, serial_shops, shop, uniq_mara, uniq_mennas
Vaults:5: serial_shops
Lab:      labyrinth_hidden_loot
Ossuary:  ossuary_zaba_flooded

Skill      XL: |  1  2  3  4  5  6  7  8  9 10 11 12 13 14 15 16 17 18 19 20 21 |
---------------+----------------------------------------------------------------+-----
Dodging        | 3 4 5 6 7 9 10 11 12 13 14 15 16 17 | 17.5
Polearms       | 5 6 7 9 10 12 13 14 17 18 | 18.8
Fighting       | 4 5 6 7 8 9 10 11 13 14 15 16 17 18 19 | 19.6
Armour         | 2 3 4 5 6 7 8 9 10 11 | 11.6
Stealth        | 2 4 7 8 9 10 12 13 14 15 16 | 16.7
Evocations     | 1 2 |  2.7
Throwing       | 2 3 4 5 |  5.2
Shields        | 1 6 8 9 10 12 13 15 16 | 16.0
Invocations    | 3 |  3.2

Action                   |  1- 3 |  4- 6 |  7- 9 | 10-12 | 13-15 | 16-18 | 19-21 || total
-------------------------+-------+-------+-------+-------+-------+-------+-------++-------
Melee: Spear             |   143 |   353 |   715 |  1164 |       |       |       ||  2375
       Demon trident     |       |       |       |   360 |  1388 |  1760 |  1567 ||  5075
Throw: Stone             |     3 |     7 |       |       |       |       |       ||    10
       Javelin           |       |       |    12 |     1 |     1 |     6 |       ||    20
       Tomahawk          |       |       |       |    11 |    42 |    21 |     9 ||    83
Invok: Berserk           |       |     1 |     2 |     1 |     1 |       |       ||     5
       Trog's Hand       |       |     1 |     3 |     3 |     6 |    13 |    16 ||    42
       Burn Spellbooks   |       |       |     1 |     3 |     5 |     2 |       ||    11
       Brothers in Arms  |       |       |       |       |       |     3 |     7 ||    10
 Abil: Evoke Invisibilit |       |       |       |     4 |       |       |       ||     4
       Evoke Blink       |       |       |       |     1 |       |       |       ||     1
Evoke: Wand              |       |     8 |     3 |       |    15 |     2 |     1 ||    29
       Box of beasts     |       |       |       |     1 |     6 |       |       ||     7
  Use: Scroll            |     1 |     7 |     7 |     9 |    26 |    13 |     6 ||    69
       Potion            |       |     2 |     6 |     3 |     7 |    12 |     8 ||    38
 Stab: Sleeping          |       |       |    10 |    32 |    63 |    49 |    28 ||   182
       Invisible         |       |       |       |    13 |       |    10 |       ||    23
       Distracted        |       |       |       |     5 |    12 |    12 |     5 ||    34
       Paralysed         |       |       |       |       |     6 |       |       ||     6
       Petrified         |       |       |       |       |     3 |       |       ||     3
  Eat: Chunk             |       |     8 |    10 |    29 |    35 |    67 |    53 ||   202
       Royal jelly       |       |       |     2 |       |       |     3 |     1 ||     6
       Beef jerky        |       |       |     1 |       |     1 |       |       ||     2
       Meat ration       |       |       |     1 |     1 |       |       |       ||     2
       Pizza             |       |       |     1 |       |       |     1 |     3 ||     5
       Fruit             |       |       |       |     1 |     5 |     1 |     1 ||     8
       Bread ration      |       |       |       |     1 |     1 |       |       ||     2
